 Dungeon Crawl Stone Soup version 0.27-a0-1177-g245c70e1c0 (webtiles) character file.

Game seed: 1070327843225697086

60044 Grimdewalt the Nimble (level 15, -15/113 HPs)
             Began as a Djinni Warper on May 16, 2021.
             Was the Champion of Makhleb.
             Demolished by Donald
             ... wielding a +2 demon trident of electrocution
              (37 damage)
             ... on level 2 of the Orcish Mines.
             The game lasted 01:21:11 (27805 turns).

Grimdewalt the Nimble (Djinni Warper)              Turns: 27805, Time: 01:21:12

Health: -15/113    AC:  7    Str: 15    XL:     15   Next: 36%
Gold:   1556       EV: 20    Int: 22    God:    Makhleb [******] SH:  6 Dex: 19

rFire    + + .     SeeInvis .   F - +0 war axe (vamp)
rCold    x . .     Faith    .   G - +0 buckler
rNeg     + . .     Spirit   .   Y - +0 troll leather armour
rPois    ∞         Reflect  .   s - +0 helmet
rElec    .         Harm     .   u - +0 cloak
rCorr    .         Rampage  +   (no gloves)
Will     +....                  (boots unavailable)
Stlth    +.........             O - amulet of the Barnacle {Acrobat Rampage +Inv rN+}
HPRegen  1.28/turn              h - +6 ring of dexterity
MPRegen  0.00/turn              y - +6 ring of intelligence

@: flying
A: sickness immunity, fire resistance 2, cold vulnerability 1, float, innate
caster, hp casting, extra vitality 1
a: Renounce Religion, Evoke Invisibility, Minor Destruction, Lesser Servant of
Makhleb, Major Destruction, Greater Servant of Makhleb


You were on level 2 of the Orcish Mines.
You worshipped Makhleb.
Makhleb was exalted by your worship.
You visited 5 branches of the dungeon, and saw 22 of its levels.

You collected 2001 gold pieces.
You spent 445 gold pieces at shops.

Inventory:

Hand Weapons
 F - a +0 vampiric war axe (weapon)
 M - a +2 vorpal flail
Missiles
 b - 4 poisoned darts
 c - 3 datura-tipped darts
 e - 10 boomerangs of dispersal
 w - a throwing net (quivered)
Armour
 o - a +1 chain mail of fire resistance
 s - a +0 helmet (worn)
 u - a +0 cloak (worn)
 G - a +0 buckler (worn)
 X - the +0 robe of Beogh's Anger {rF+ Will+++ Int-4}
   (You bought it in a shop on level 10 of the Dungeon)

   It affects your intelligence (-4).
   It protects you from fire.
   It greatly increases your willpower.
 Y - a +0 troll leather armour (worn)
Jewellery
 g - a +6 ring of strength
 h - a +6 ring of dexterity (left hand)
 v - a ring of see invisible
 y - a +6 ring of intelligence (right hand)
 I - a ring of positive energy
 O - the amulet of the Barnacle (around neck) {Acrobat Rampage +Inv rN+}
   (You took it off an orc on level 8 of the Dungeon)

   [amulet of the acrobat]

   It increases your evasion while moving and waiting.
   It protects you from negative energy.
   It lets you turn invisible.
   It bestows one free step when moving towards enemies.
 U - the ring "Plog" {Fire *Corrode rElec Will+ Str+3}
   (You found it on level 9 of the Dungeon)

   [ring of fire]

   It enhances your fire magic.
   It affects your strength (+3).
   It protects you from fire.
   It makes you vulnerable to cold.
   It insulates you from electricity.
   It may corrode you when you take damage.
   It increases your willpower.
Wands
 a - a wand of paralysis (9)
 i - a wand of charming (20)
 A - a wand of polymorph (11)
 Q - a wand of mindburst (22)
Scrolls
 d - 4 scrolls of blinking
 f - 4 scrolls of noise {unknown}
 k - 3 scrolls of silence {unknown}
 m - 10 scrolls of teleportation
 n - 4 scrolls of fog {unknown}
 p - 2 scrolls of torment {unknown}
 q - 5 scrolls of enchant weapon {unknown}
 x - 2 scrolls of fear {unknown}
 B - 4 scrolls of magic mapping {unknown}
 C - 4 scrolls of enchant armour {unknown}
 H - a scroll of amnesia {unknown}
 K - 4 scrolls of acquirement {unknown}
 L - a scroll of vulnerability {unknown}
 S - 2 scrolls of summoning {unknown}
 V - a scroll of holy word {unknown}
Potions
 j - 4 potions of resistance
 l - 7 potions of heal wounds {@q2}
 r - 2 potions of berserk rage
 t - 3 potions of haste
 z - 5 potions of curing {@q1}
 D - 2 potions of ambrosia
 E - 4 potions of lignification
 J - 2 potions of invisibility
 P - 3 potions of attraction
 R - a potion of cancellation
 T - a potion of brilliance {unknown}
 W - a potion of mutation {unknown}
Miscellaneous
 N - a lightning rod (4/4)
 Z - a condenser vane


   Skills:
 + Level 12.4 Fighting
 + Level 10.6 Maces & Flails
 - Level 0.7 Throwing
 + Level 5.0 Armour
 + Level 13.4 Dodging
 + Level 6.4 Shields
 + Level 10.1 Spellcasting


You couldn't memorise any spells.
You knew the following spells:

 Your Spells              Type           Power      Damage    Failure   Level
a - Manifold Assault      Tloc           53%        N/A       3%          5
b - Summon Mana Viper     Hex/Summ       53%        N/A       3%          5
c - Gell's Gravitas       Tloc           26%        N/A       1%          3
d - Teleport Other        Tloc           53%        N/A       1%          3
e - Blink                 Tloc           N/A        N/A       1%          2
f - Magic Dart            Conj           100%       1d8       1%          1
g - Poisonous Vapours     Pois/Air       100%       N/A       1%          2
h - Inner Flame           Hex/Fire       53%        N/A       1%          3
i - Ice Form              Ice/Tmut       53%        N/A       1%          4
j - Olgreb's Toxic Radia  Pois           53%        N/A       1%          4
k - Lesser Beckoning      Tloc           26%        N/A       1%          3
l - Blade Hands           Tmut           26%        N/A       17%         6
Your spell library was empty.

Dungeon Overview and Level Annotations

Branches:
Dungeon (12/15)            Temple (1/1) D:7            Lair (6/6) D:11
  Swamp (0/4) Lair:4        Snake (1/4) Lair:3        Slime (0/5) Lair:5
    Orc (2/2) D:12            Elf (0/3) Orc:2

Altars:
Ashenzari
Cheibriados
Dithmenos
Elyvilon
Fedhas
Gozag
Hepliaklqana
Kikubaaqudgha
Makhleb
Nemelex Xobeh
Okawaru
Qazlal
Ru
Sif Muna
Trog
Uskayaw
Vehumet
Wu Jian
Xom
Yredelemnul
Zin
The Shining One
Jiyva

Shops:
D:2 (   D:3 !   D:10 *

Portals:
Trove: D:12 (give 17 potions of curing)

Annotations:
D:3 2 transporters, Sergey's ghost, weakling NaFE
Orc:2 3 runed translucent doors, Donald; Nergalle; Saint Roka


Innate Abilities, Weirdness & Mutations

You are immune to sickness and miasma.
You are immune to poison.
Your flesh is very heat resistant. (rF++)
You are vulnerable to cold. (rC-)
You float through the air rather than walking.
You learn spells naturally, not from books.
Your magical power is your life essence.
You have superior vitality. (+4 HP)


Message History

a +0 dagger; a +0 leather armour You hit the orc.
You feel better.
You kill the orc!
Makhleb accepts your kill.
You feel better.
Donald is nearby!
There is a stone staircase leading up here.
You see here a +0 club.
You start resting.
Donald is nearby!
Donald shouts!
Donald mumbles some strange words.
Donald seems to speed up.
Donald casts a spell.
Donald seems to grow stronger.
Casting: Inner Flame (safe; 1% risk of failure)
Confirm with . or Enter, or press ? or * to list all spells.
A mana viper appears with a sibilant hiss.
Donald hits you from afar with a +2 demon trident of electrocution!!
Casting: Summon Mana Viper (dangerous; 3% risk of failure)
Confirm with . or Enter, or press ? or * to list all spells.
A mana viper appears with a sibilant hiss.
Donald hits you from afar with a +2 demon trident of electrocution!
You are electrocuted!
You swap places.
Your mana viper bites Donald.
Donald's magic leaks into the air.
Donald completely misses you.
Donald hits your mana viper with a +2 demon trident of electrocution!!
Donald blocks your mana viper's attack.
Your mana viper bites Donald!
Donald's magic leaks into the air.
Donald hits your mana viper with a +2 demon trident of electrocution!!
Lightning courses through your mana viper!
Your mana viper dies!
Your mana viper bites Donald!
Donald's magic leaks into the air.
Donald says, "I prefer the Lair of the Beasts, to be honest.
At least animals don't complain."
Your mana viper barely misses Donald.
Donald says, "I hate demons."
Casting: Summon Mana Viper (dangerous; 3% risk of failure)
Confirm with . or Enter, or press ? or * to list all spells.
Space momentarily warps into an impossible shape!
You hit Donald but do no damage. You block Donald's attack.
Casting: Manifold Assault (dangerous; 3% risk of failure)
Confirm with . or Enter, or press ? or * to list all spells.
Space momentarily warps into an impossible shape!
You hit Donald but do no damage.
Donald hits you from afar with a +2 demon trident of electrocution!
You are electrocuted!
* * * LOW HITPOINT WARNING * * *
Your mana viper barely misses Donald.
Donald hits you from afar with a +2 demon trident of electrocution!!!
You die...

.................@............#
..................###.....##.#
.....###..........#..........##
....###...........##.#........##
...#.#.#..........####.........#
).................###.........##
.)...#.............##.......###
....#.......................#
...........#....@.@S.....####
.....^.....##..#........##
..........####.#.....)<..#
#.#.....### ###.......###
####.....# #......## #....###
###..### ###..# #..# #### ####


You could see Donald (fast, strong, ally target) and a friendly mana viper
(summoned).

Vanquished Creatures
  An orc warlord (D:12)
  Snorg (Lair:6)
  5 hydras
  2 catoblepae
  A centaur warrior (D:11)
  2 death yaks
  An orc high priest (Orc:2)
  An orc knight (Orc:2)
  A wolf spider (Lair:6)
  A cyclops (D:11)
  3 manticores
  An ugly thing (D:12)
  3 elephants
  A guardian serpent (Lair:3)
  4 black mambas
  8 cane toads
  An unseen horror (D:12)
  A rime drake (Lair:4)
  2 kobold demonologists (D:11)
  5 komodo dragons
  5 trolls
  5 polar bears
  A hornet (D:11)
  A raiju (Lair:6)
  2 dream sheep (Lair:6)
  19 blink frogs
  A vampire (D:11)
  5 wraiths
  27 yaks
  7 wyverns
  2 basilisks
  A steam dragon (Lair:1)
  9 vampire mosquitoes
  5 wargs
  An acid dragon (D:10)
  13 water moccasins
  4 hell hounds (Lair:6)
  4 nameless horrors
  A sky beast (D:6)
  24 orc warriors
  2 ice beasts
  10 black bears
  7 ogres
  20 wolves
  2 necrophages (D:12)
  7 centaurs
  A phantom (D:6)
  6 kobold brigands
  17 bullfrogs
  5 gnoll sergeants
  A scorpion (D:5)
  11 wights
  3 killer bees (D:11)
  A howler monkey (D:9)
  15 electric eels
  4 centaur zombies
  2 hounds
  2 jellies
  A bullfrog skeleton (D:6)
  A gnoll shaman (D:4)
  10 orc priests
  An iron imp (D:5)
  5 iguanas
  24 orc wizards
  Terence (D:3)
  A killer bee zombie (D:7)
  A hound skeleton (D:4)
  Robin (D:3)
  14 gnolls
  A howler monkey zombie (D:10)
  2 howler monkey skeletons (D:6)
  4 adders
  A shadow imp (D:6)
  2 white imps
  2 dart slugs (D:4)
  74 orcs
  A ball python (D:1)
  6 bats
  8 endoplasms
  4 giant cockroaches
  12 hobgoblins
  5 jackals
  6 quokkas
  4 frilled lizards
  10 goblins
  20 kobolds
  6 rats
  2 bushes
528 creatures vanquished.

Vanquished Creatures (collateral kills)
  Harold (D:11)
  Josephine (Orc:2)
  A boulder beetle (Lair:5)
  10 hydras
  4 death yaks
  A fire crab (Lair:5)
  A lindwurm (Lair:6)
  An orc knight (Orc:2)
  4 oklob plants (Lair:5)
  4 black mambas
  A gargoyle (D:11)
  4 cane toads
  4 rime drakes
  4 komodo dragons
  5 polar bears (Lair:6)
  A troll (Orc:2)
  A raiju (Lair:6)
  2 dream sheep (Lair:6)
  10 blink frogs
  2 wraiths (Orc:2)
  3 wyverns
  2 basilisks
  A vampire mosquito (Lair:4)
  4 wargs
  An acid dragon (D:12)
  9 hell hounds (Lair:6)
  5 water moccasins
  An orc warrior (Orc:2)
  4 black bears
  An ogre (Orc:2)
  5 wolves
  3 nameless horrors
  An electric eel (D:11)
  2 orc wizards
  3 orcs
107 creatures vanquished.

Vanquished Creatures (others)
  2 wolves
  2 killer bees (D:11)
  An orc wizard (Orc:1)
  An orc (D:11)
  A bush (Lair:3)
  44 fungi
  95 plants
  9 withered plants
155 creatures vanquished.

Grand Total: 790 creatures vanquished

Notes
Turn   | Place    | Note
-------+----------+-------------------------------------------
     0 | D:1      | Grimdewalt the Djinni Warper began the quest for the Orb.
     0 | D:1      | Reached XP level 1. HP: 18/18 MP: 0/0
   174 | D:1      | Reached XP level 2. HP: 16/23 MP: 0/0
   521 | D:1      | Found a faded altar of an unknown god.
  1031 | D:2      | Reached XP level 3. HP: 26/29 MP: 0/0
  1031 | D:2      | Learned a level 1 spell: Magic Dart
  1068 | D:2      | Found Remof's Antique Weapon Boutique.
  2388 | D:3      | Reached XP level 4. HP: 34/34 MP: 0/0
  2631 | D:3      | Noticed Terence
  2664 | D:3      | Killed Terence
  2665 | D:3      | Reached skill level 3 in Dodging
  3097 | D:3      | Reached XP level 5. HP: 33/40 MP: 0/0
  3097 | D:3      | Learned a level 2 spell: Poisonous Vapours
  3218 | D:3      | Found a transporter.
  3218 | D:3      | Noticed Robin
  3242 | D:3      | Killed Robin
  3488 | D:3      | Noticed Sergey's ghost (weakling NaFE)
  3525 | D:3      | Found a transporter.
  3798 | D:3      | Found Bopsoro's Distillery.
  4494 | D:4      | Noticed a black bear
  4499 | D:4      | Killed a black bear
  4500 | D:4      | Reached XP level 6. HP: 35/46 MP: 0/0
  4770 | D:4      | Reached skill level 4 in Dodging
  5117 | D:4      | Found a sacrificial altar of Ru.
  5546 | D:5      | Entered Level 5 of the Dungeon
  5729 | D:5      | Found a broken altar of Ashenzari.
  5771 | D:5      | Reached XP level 7. HP: 46/51 MP: 0/0
  5771 | D:5      | Learned a level 3 spell: Inner Flame
  5984 | D:5      | Found a blossoming altar of Fedhas.
  6087 | D:5      | Found a glowing golden altar of the Shining One.
  6603 | D:5      | Found a snail-covered altar of Cheibriados.
  7067 | D:6      | Reached skill level 5 in Dodging
  7067 | D:6      | Reached XP level 8. HP: 49/58 MP: 0/0
  7500 | D:6      | Reached skill level 5 in Fighting
  7594 | D:6      | Found a bloodstained altar of Trog.
  7930 | D:6      | Reached skill level 6 in Dodging
  8192 | D:6      | Reached XP level 9. HP: 31/65 MP: 0/0
  8192 | D:6      | Learned a level 4 spell: Ice Form
  8382 | D:6      | Reached skill level 1 in Shields
  8702 | D:6      | Found a hide-covered altar of Uskayaw.
  8974 | D:7      | Found a stormy altar of Qazlal.
  9208 | D:7      | Reached skill level 5 in Maces & Flails
  9315 | D:7      | Reached skill level 5 in Spellcasting
  9723 | D:7      | Found a staircase to the Ecumenical Temple.
  9770 | D:7      | Found a shadowy altar of Dithmenos.
  9785 | Temple   | Entered the Ecumenical Temple
  9910 | Temple   | Became a worshipper of Makhleb the Destroyer
 10419 | D:8      | Reached skill level 7 in Dodging
 11139 | D:8      | Found a large runed translucent door.
 11143 | D:8      | Found a large runed translucent door.
 11634 | D:8      | Identified the amulet of the Barnacle {Acrobat Rampage +Inv
                  | rN+}
 11665 | D:8      | Reached XP level 10. HP: 51/73 MP: 0/0
 12278 | D:8      | Found an ornate altar of the Wu Jian Council.
 12357 | D:8      | Found a glowing silver altar of Zin.
 12877 | D:9      | Found an opulent altar of Gozag.
 12993 | D:9      | Reached * piety under Makhleb
 13284 | D:9      | Identified the ring "Plog" {Fire *Corrode rElec Will+
                  | Str+3}
 13503 | D:10     | Entered Level 10 of the Dungeon
 13979 | D:10     | Reached skill level 8 in Dodging
 14697 | D:10     | Found Bitsiuhycw's Assorted Antiques.
 14705 | D:10     | Bought a scroll labelled ATAUZO PENYCH for 36 gold pieces
 14705 | D:10     | Bought a red potion for 32 gold pieces
 14705 | D:10     | Bought a sedimented brown potion for 32 gold pieces
 14705 | D:10     | Bought a scroll labelled HOFAUL PETHRA for 36 gold pieces
 14705 | D:10     | Bought a scroll labelled XEGOUH XUPE for 36 gold pieces
 14705 | D:10     | Bought an emerald potion for 32 gold pieces
 14705 | D:10     | Bought a scroll labelled UDIBO BIQU for 36 gold pieces
 14705 | D:10     | Bought a twisted robe for 205 gold pieces
 14705 | D:10     | Identified the +0 robe of Beogh's Anger {rF+ Will+++ Int-4}
                  | (You bought it in a shop on level 10 of the Dungeon)
 15242 | D:11     | Noticed a centaur warrior
 15263 | D:11     | Killed a centaur warrior
 15318 | D:11     | Reached XP level 11. HP: 80/81 MP: 0/0
 15318 | D:11     | Learned a level 4 spell: Olgreb's Toxic Radiance
 15349 | D:11     | Noticed an eight-headed hydra
 15531 | D:11     | Found a staircase to the Lair.
 15570 | Lair:1   | Entered Level 1 of the Lair of Beasts
 15645 | Lair:1   | Reached skill level 9 in Dodging
 15676 | Lair:1   | Noticed an eight-headed hydra
 16128 | Lair:2   | Reached ** piety under Makhleb
 16378 | Lair:1   | Noticed a four-headed hydra
 16387 | Lair:1   | Killed a four-headed hydra
 16551 | Lair:1   | Killed an eight-headed hydra
 16552 | Lair:1   | Reached skill level 10 in Dodging
 16552 | Lair:1   | Reached XP level 12. HP: 89/89 MP: 0/0
 17161 | Lair:2   | Noticed a five-headed hydra
 17456 | Lair:2   | Killed a five-headed hydra
 17997 | Lair:2   | Identified Sif Muna's Catalogue of Bewitchment
 18176 | Lair:2   | Reached skill level 10 in Fighting
 18385 | Lair:3   | Reached skill level 11 in Dodging
 18415 | Lair:3   | Reached *** piety under Makhleb
 18565 | Lair:3   | Reached XP level 13. HP: 48/97 MP: 0/0
 18565 | Lair:3   | Learned a level 5 spell: Summon Mana Viper
 18942 | Lair:3   | Noticed an eight-headed hydra
 18956 | Lair:3   | Killed an eight-headed hydra
 18986 | Lair:3   | Found a staircase to the Snake Pit.
 19150 | Lair:3   | You are sucked into a shaft and drop 1 floor!
 19393 | Lair:4   | Noticed a six-headed hydra
 19514 | Lair:3   | Reached **** piety under Makhleb
 19642 | Lair:3   | Noticed an eight-headed hydra
 19650 | Lair:3   | Killed an eight-headed hydra
 19820 | Lair:3   | Noticed an eight-headed hydra
 19829 | Lair:3   | Killed an eight-headed hydra
 20016 | Lair:4   | Noticed a catoblepas
 20057 | Snake:1  | Entered Level 1 of the Snake Pit
 20374 | Lair:4   | Reached skill level 12 in Dodging
 20594 | Lair:4   | Killed a catoblepas
 20688 | Lair:4   | Found a staircase to the Swamp.
 20711 | Lair:4   | Killed a six-headed hydra
 20922 | Lair:5   | Noticed a four-headed hydra
 20975 | Lair:4   | Killed a four-headed hydra
 21179 | Lair:5   | Noticed a six-headed hydra
 21187 | Lair:5   | Killed a six-headed hydra
 21205 | Lair:5   | Noticed a six-headed hydra
 21209 | Lair:5   | Noticed a five-headed hydra
 21223 | Lair:5   | Killed a six-headed hydra
 21266 | Lair:5   | You are sucked into a shaft and drop 1 floor!
 21266 | Lair:6   | Entered Level 6 of the Lair of Beasts
 21296 | Lair:5   | Found a staircase to the Slime Pits.
 21296 | Lair:5   | Found a viscous altar of Jiyva.
 21564 | Lair:5   | Noticed a boulder beetle
 21588 | Lair:5   | Killed a boulder beetle
 21589 | Lair:5   | Reached XP level 14. HP: 67/105 MP: 0/0
 22219 | Lair:6   | Reached ***** piety under Makhleb
 22604 | Lair:6   | Reached skill level 10 in Maces & Flails
 22660 | Lair:6   | Noticed Snorg
 22673 | Lair:6   | Killed Snorg
 23409 | Lair:6   | Reached skill level 5 in Shields
 23938 | Lair:6   | Reached skill level 13 in Dodging
 24706 | D:11     | Reached ****** piety under Makhleb
 24974 | D:11     | Noticed Harold
 25026 | D:11     | Killed Harold
 25327 | D:12     | Found a staircase to the Orcish Mines.
 25355 | D:12     | Reached XP level 15. HP: 112/112 MP: 0/0
 25355 | D:12     | Learned a level 6 spell: Blade Hands
 25574 | D:12     | Found a portal to a secret trove of treasure.
 26232 | Orc:1    | Entered Level 1 of the Orcish Mines
 26234 | Orc:1    | Noticed an orc warlord
 26542 | D:12     | Killed an orc warlord
 26596 | Orc:1    | Reached skill level 10 in Spellcasting
 26861 | Orc:2    | Entered Level 2 of the Orcish Mines
 26902 | Orc:2    | Found a runed translucent gate.
 26902 | Orc:2    | Found a runed translucent gate.
 26902 | Orc:2    | Found a runed translucent gate.
 26919 | Orc:2    | Found a staircase to the Elven Halls.
 26995 | Orc:2    | Noticed Nergalle
 27288 | Orc:2    | Noticed Josephine
 27293 | Orc:2    | Killed Josephine
 27468 | Orc:2    | Noticed Donald
 27500 | Orc:2    | Reached skill level 5 in Armour
 27670 | Orc:2    | Found an opulent altar of Gozag.
 27671 | Orc:2    | Noticed Saint Roka
 27805 | Orc:2    | Demolished by Donald

Illustrated notes

Levels and vault maps discovered:
D:1:      dpeg_arrival_fog, layout_loops_ring, ebering_ecumenical_altar_rust,
          hangedman_decor_growths
D:2:      layout_loops_ring, serial_shops, shop_statue, hex_tiny
D:3:      layout_loops_ring, serial_bayou, serial_bayou_lagoon_b,
          serial_bayou_pond_d, serial_bayou_lagoon_a, serial_bayou_pond_a,
          serial_bayou_pond_c, gammafunk_ghost_gnarly_gnolls, serial_shops,
          shop, serial_park_tiny_1, grunt_decor_junction, feat_on_display,
          uniq_robin, uniq_terence
D:4:      layout_cave_pods, nicolae_ru_sacrificial_ziggurat
D:5:      layout_basic, old_standard_altar, nicolae_overflow_crystal_walls,
          lemuel_tele_altar, slow_altar_2, nicolae_tso_swordbearing_angel
D:6:      layout_rooms, trog_butcher_becter, nicolae_uskayaw_dance_studio,
          chequers_big_river
D:7:      layout_rooms, general_overflow_altar,
          nicolae_qazlal_style_of_elements, minmay_temple_entry_offerings,
          kennysheep_generic_room_8
D:8:      layout_gridville, jmf_multi_god_temple2, serial_bayou,
          serial_bayou_lake_a, serial_bayou_shore_b, serial_bayou_shore_a,
          serial_bayou_shore_b
D:9:      layout_rooms, lemuel_crystal_altar, chequers_serial_rivers_marsh
D:10:     layout_cave_pods, serial_shops, shop
D:11:     layout_basic, lair_entry_dummy, kiku_gazebo_garden_becter, uniq_harold
D:12:     layout_basic, kennysheep_orc_monster_closet_entryway,
          nicolae_trove_entry_free_sample, serial_undead, serial_undead_f,
          serial_undead_b, serial_undead_b, serial_undead_e
Temple:   nicolae_temple_figure_zero
Lair:1:   layout_cave_pods, cheibrodos_lair_reptile_den
Lair:2:   nzn_winding_woodlands_three_and_one [nzn_winding_woodlands_5x15_pool,
          nzn_winding_woodlands_5x15_sidewinder,
          nzn_winding_woodlands_5x15_default,
          nzn_winding_woodlands_center_lodge], layout_chaotic_city,
          beast_lair_carwin_8, infiniplex_staircase_pool
Lair:3:   layout_cave_pods, minmay_snake_entry_spellcaster, lemuel_old_faithful
Lair:4:   layout_concentric_octagons, minmay_swamp_entry_swarm
Lair:5:   layout_roguey, slime_altar_1, st_stairs_4,
          chequers_serial_rivers_room_b, serial_bayou_shore_b,
          minmay_lair_oklob_chamber
Lair:6:   hangedman_lair_caniforms_friends, layout_loops_ring,
          hangedman_lair_in_review, uniq_snorg
Snake:1:  layout_gridlike, serial_shops, shop, shop, nicolae_shop_crystal,
          minmay_shop_star
Orc:1:    layout_diamond_mine, hangedman_minor_magic
Orc:2:    grunt_orc_cross, layout_diamond_mine, ebering_ghost_gozag,
          basic_altar, uniq_josephine, uniq_donald

Skill      XL: |  1  2  3  4  5  6  7  8  9 10 11 12 13 14 15 |
---------------+----------------------------------------------+-----
Maces & Flails | 2 3 4 5 6 7 8 9 10 | 10.6
Dodging        | 3 4 5 6 7 8 10 11 12 13 | 13.4
Spellcasting   | 3 4 5 6 7 8 9 10 | 10.1
Fighting       | 3 4 5 6 7 9 10 11 12 | 12.4
Shields        | 3 4 5 6 |  6.4
Armour         | 4 5 |  5.0
Throwing       | |  0.7

Action                   |  1- 3 |  4- 6 |  7- 9 | 10-12 | 13-15 || total
-------------------------+-------+-------+-------+-------+-------++-------
Melee: Mace              |   114 |   145 |       |       |       ||   259
       Morningstar       |       |    22 |   170 |       |       ||   192
       War axe           |       |       |    46 |   141 |   164 ||   351
       Flail             |       |       |       |   106 |   444 ||   550
 Cast: Magic Dart        |       |     7 |     6 |     4 |    10 ||    27
       Poisonous Vapours |       |    43 |   111 |    99 |   173 ||   426
       Inner Flame       |       |       |    12 |    66 |    77 ||   155
       Teleport Other    |       |       |       |     4 |       ||     4
       Blink             |       |       |       |     7 |     5 ||    12
       Summon Mana Viper |       |       |       |       |   176 ||   176
       Manifold Assault  |       |       |       |       |    12 ||    12
  Use: Scroll            |       |       |       |     7 |     8 ||    15
 Stab: Sleeping          |     3 |     2 |     1 |       |     2 ||     8
       Distracted        |       |       |     1 |       |     3 ||     4
Armor: Leather armour    |    55 |    54 |    72 |    18 |       ||   199
       Troll leather arm |       |       |       |    43 |   123 ||   166
Dodge: Dodged            |    94 |   126 |   136 |   223 |   663 ||  1242
Block: Buckler           |       |       |    34 |    85 |   217 ||   336

Table legend: (Time is in decaauts)
 A = Elapsed time spent in this place.
 B = Non-inter-level travel time spent in this place.
 C = Inter-level travel time spent in this place.
 D = Time resting spent in this place.
 E = Time spent auto-exploring this place.
 F = Levels seen in this place.
 G = Mean time per level.
                   A        B        C        D        E       F      G
               +--------+--------+--------+--------+--------+-----+--------+
         Total |  28103 |  27196 |    907 |   2160 |  18885 |  22 | 1277.4 |
       Dungeon |  17863 |  17362 |    501 |   1885 |  12607 |  12 | 1488.6 |
        Temple |    135 |    126 |      9 |      0 |    111 |   1 |  135.0 |
          Lair |   8860 |   8474 |    386 |    259 |   5527 |   6 | 1476.7 |
     Snake Pit |      1 |      1 |      0 |      0 |      0 |   1 |    1.0 |
  Orcish Mines |   1242 |   1232 |     10 |     16 |    640 |   2 |  621.0 |
               +--------+--------+--------+--------+--------+-----+--------+

Top non-repeatable levels by time:
     D:8: 2285 daAuts
  Lair:6: 2148 daAuts
     D:6: 2067 daAuts
     D:3: 1844 daAuts
    D:11: 1518 daAuts
     D:5: 1500 daAuts
    D:12: 1445 daAuts
  Lair:3: 1432 daAuts
  Lair:1: 1431 daAuts
  Lair:2: 1389 daAuts
     D:4: 1374 daAuts
    D:10: 1367 daAuts
     D:2: 1360 daAuts
  Lair:4: 1324 daAuts
     D:7: 1172 daAuts
